 Dungeon Crawl Stone Soup version 0.22-a0-224-g8cf3520 (webtiles) character file.

181 tidbits the Insei (level 5, -1/41 HPs)
             Began as a Gnoll Transmuter on Feb 20, 2018.
             Killed by nerve-wracking pain
             ... invoked by Grinder
              (9 damage)
             ... on level 3 of the Dungeon.
             The game lasted 00:06:03 (559 turns).

tidbits the Insei (Gnoll Transmuter)                 Turns: 559, Time: 00:06:04

Health: -1/41      AC:  2    Str: 12    XL:     5   Next: 61%
Magic:  6/12       EV: 24    Int: 16    God:
Gold:   39         SH:  0    Dex: 21    Spells: 8/14 levels left

rFire    . . .     SeeInvis .     - Unarmed
rCold    . . .     Gourm    .   (shield currently unavailable)
rNeg     . . .     Faith    .   (armour currently unavailable)
rPois    x         Spirit   .   (helmet currently unavailable)
rElec    .         Reflect  .   (cloak currently unavailable)
rCorr    .         Harm     .   (gloves currently unavailable)
MR       .....                  (boots currently unavailable)
Stlth    ++........             e - amulet of the acrobat
HPRegen  0.13/turn              (no ring)
MPRegen  0.13/turn              (no ring)

@: spider-form
A: tiny, distributed training, strong nose
a: End Transformation


You were on level 3 of the Dungeon.
You were not hungry.
You were a venomous arachnid creature.
You visited 1 branch of the dungeon, and saw 4 of its levels.

You collected 39 gold pieces.

Inventory:

Hand Weapons
 h - a +1 dagger
 i - a +0 morningstar
Missiles
 a - 6 arrows
Armour
 b - a +0 robe (melded)
 C - a +2 cloak (melded)
Jewellery
 e - an amulet of the acrobat (around neck)
   (You found it on level 2 of the Dungeon)
Scrolls
 j - a scroll of immolation
 k - 2 scrolls of enchant weapon
 r - a scroll of remove curse
Comestibles
 c - 2 rations


   Skills:
 + Level 3.0 Fighting
 + Level 1.5 Short Blades
 + Level 1.5 Long Blades
 + Level 1.5 Axes
 + Level 1.5 Maces & Flails
 + Level 1.5 Polearms
 + Level 1.5 Staves
 + Level 1.5 Slings
 + Level 1.5 Bows
 + Level 1.5 Crossbows
 + Level 1.5 Throwing
 + Level 1.5 Armour
 + Level 4.8 Dodging
 + Level 1.5 Stealth
 + Level 1.5 Shields
 + Level 6.7 Unarmed Combat
 + Level 5.2 Spellcasting
 + Level 1.2 Conjurations
 + Level 1.2 Hexes
 + Level 1.2 Charms
 + Level 1.2 Summonings
 + Level 1.2 Necromancy
 + Level 1.2 Translocations
 + Level 4.0 Transmutations
 + Level 1.2 Fire Magic
 + Level 1.2 Ice Magic
 + Level 1.2 Air Magic
 + Level 1.2 Earth Magic
 + Level 1.2 Poison Magic
 + Level 1.7 Invocations
 + Level 1.5 Evocations


You had 8 spell levels left.
You knew the following spells:

 Your Spells              Type           Power        Failure   Level  Hunger
e - Beastly Appendage     Tmut           ###...       11%         1    None
k - Sticks to Snakes      Tmut           ###.....     13%         2    #......
p - Spider Form           Tmut/Pois      ##........   34%         3    ###....


Dungeon Overview and Level Annotations

Branches:
Dungeon (4/15)
 Temple: D:4-7

Altars:
Vehumet

Annotations:
D:3 Grinder
D:4 Blork the orc


Innate Abilities, Weirdness & Mutations

Your experience applies equally to all skills.
((You have very sharp teeth.))
Your uncanny sense of smell can sniff out nearby items.


Message History

Found 11 gold pieces.
Unknown command.
Casting: Beastly Appendage (safe; 3% risk of failure)
Confirm with . or Enter, or press ? or * to list all spells.
You turn into a venomous arachnid creature.
Your +2 cloak melds into your body.
Your +0 robe melds into your body.
The orc shouts!
The orc completely misses you.
You closely miss the orc. The orc closely misses you.
You barely miss the orc. The orc hits you with a short sword.
* * * LOW HITPOINT WARNING * * *
You bite the orc!
You kill the orc!
Your transformation is almost over.
Found 3 scrolls labeled TANAIH ETAWK.
Found a glowing green potion.
You see here 11 gold pieces.
You now have 39 gold pieces (gained 11).
Your transformation has ended.
Your +2 cloak unmelds from your body.
Your +0 robe unmelds from your body.
You see here 3 scrolls labeled TANAIH ETAWK.
k - 3 scrolls labeled TANAIH ETAWK You see here a glowing green potion.
l - a glowing green potion
There is a stone staircase leading down here.
You climb downwards.
A frilled lizard and Blork the orc come into view.
Blork the orc shouts!
You hear a shout! x2
Found a scroll labeled CYOV RASEFOYD.
There is a stone staircase leading up here.
The frilled lizard hisses angrily.
Blork the orc casts a spell at you. The magic dart hits you!
* * * LOW HITPOINT WARNING * * *
You climb upwards.
There is a stone staircase leading down here.
Unknown command.
Magic restored.
Grinder comes into view.
Unknown command.
It was a potion of curing.
You feel better.
Press: ? - help, v - describe, . - travel
Here: Grinder (resting)
The floor.
Placed new exclusion.
What are your orders? t - Bark!
Orders for allies: a - Attack new target. r - Retreat! s - Stop attacking. g - Guard the area. f - Follow me.
Anything else - Cancel.
You bark for attention!
You hear a shout!
Press: ? - help, . - travel You can't see that place. [the floor.] Reduced exclusion size to a single square.
Removed exclusion.
You aren't carrying any potions.
Unknown command.
As you read the scroll labeled TANAIH ETAWK, it crumbles to dust.
It is a scroll of enchant weapon.
Your dagger glows red for a moment.
As you read the scroll labeled CYOV RASEFOYD, it crumbles to dust.
You feel blessed for a moment.
It was a scroll of remove curse.
Adjust (i)tems, (s)pells, or (a)bilities?
Adjust which item? (? for menu, Esc to quit)
d - a scroll of remove curse Adjust to which letter? (? for menu, Esc to quit)
r - a scroll of remove curse
As you read the scroll labeled FAUREH ESI KUZ, it crumbles to dust.
You hear a loud clanging noise!
It was a scroll of noise.
As you read the scroll labeled WABBUU RUKAI, it crumbles to dust.
It is a scroll of identify.
j - a scroll of immolation
Casting: Spider Form (safe; 16% risk of failure)
Confirm with . or Enter, or press ? or * to list all spells.
You turn into a venomous arachnid creature.
Your +2 cloak melds into your body.
Your +0 robe melds into your body.
Casting: Spider Form (safe; 34% risk of failure)
Confirm with . or Enter, or press ? or * to list all spells.
You create a snake!
You now have 7 arrows.
Something closely misses your adder. Something hits your adder!
Your adder writhes in agony.
Your adder dies!
Casting: Sticks to Snakes (safe; 13% risk of failure)
Confirm with . or Enter, or press ? or * to list all spells.
You create a snake!
You now have 6 arrows.
Grinder completely misses you.
You hit Grinder.
Grinder is lightly wounded.
You bite Grinder!
Grinder is moderately wounded.
Grinder hits you!
* * * LOW HITPOINT WARNING * * *
You writhe in agony.
* * * LOW HITPOINT WARNING * * *
You bite Grinder!
Grinder is severely wounded.
Grinder gestures at you. Pain shoots through your body!
You die...

.........# .......###
###### >......# #....#
.......# #....#
.......######....####
...........##.......#
.......###.#........#
.........#.#..<.....#
.......#.#.#....sS..#
.........#.#....5####
.......###'#.....########
........................5
.....>.#....#############
.......#....#
...)...#....#
...[...#.#### ..<..(.#.#


You could see Grinder and a friendly ball python.

Vanquished Creatures
  A phantom (D:3)
  4 gnolls (D:3)
  2 adders
  A dart slug (D:3)
  7 orcs (D:3)
  2 goblins
  2 hobgoblins
  5 jackals
  A kobold (D:3)
  A bat (D:3)
  A frilled lizard (D:3)
  4 rats
31 creatures vanquished.

Notes
Turn   | Place    | Note
-------+----------+-------------------------------------------
     0 | D:1      | tidbits the Gnoll Transmuter began the quest for the Orb.
     0 | D:1      | Reached XP level 1. HP: 17/17 MP: 6/6
   155 | D:2      | Reached XP level 2. HP: 23/23 MP: 7/7
   165 | D:2      | Learned a level 2 spell: Sticks to Snakes
   291 | D:3      | Reached XP level 3. HP: 28/28 MP: 7/9
   297 | D:3      | Reached skill level 5 in Spellcasting
   304 | D:3      | Found a radiant altar of Vehumet.
   333 | D:3      | Reached skill level 1 in Invocations
   336 | D:3      | Reached skill level 1 in Short Blades
   336 | D:3      | Reached skill level 1 in Long Blades
   336 | D:3      | Reached skill level 1 in Axes
   336 | D:3      | Reached skill level 1 in Maces & Flails
   336 | D:3      | Reached skill level 1 in Polearms
   336 | D:3      | Reached skill level 1 in Staves
   336 | D:3      | Reached skill level 1 in Slings
   336 | D:3      | Reached skill level 1 in Bows
   336 | D:3      | Reached skill level 1 in Crossbows
   336 | D:3      | Reached skill level 1 in Throwing
   336 | D:3      | Reached skill level 1 in Armour
   336 | D:3      | Reached skill level 1 in Stealth
   336 | D:3      | Reached skill level 1 in Shields
   336 | D:3      | Reached skill level 1 in Evocations
   337 | D:3      | Reached XP level 4. HP: 24/34 MP: 4/11
   365 | D:3      | Noticed a phantom
   384 | D:3      | Learned a level 3 spell: Spider Form
   400 | D:3      | Killed a phantom
   400 | D:3      | Reached skill level 3 in Fighting
   400 | D:3      | Reached skill level 1 in Conjurations
   400 | D:3      | Reached skill level 1 in Hexes
   400 | D:3      | Reached skill level 1 in Charms
   400 | D:3      | Reached skill level 1 in Summonings
   400 | D:3      | Reached skill level 1 in Necromancy
   400 | D:3      | Reached skill level 1 in Translocations
   400 | D:3      | Reached skill level 1 in Fire Magic
   400 | D:3      | Reached skill level 1 in Ice Magic
   400 | D:3      | Reached skill level 1 in Air Magic
   400 | D:3      | Reached skill level 1 in Earth Magic
   400 | D:3      | Reached skill level 1 in Poison Magic
   400 | D:3      | Reached XP level 5. HP: 12/41 MP: 3/12
   437 | D:3      | Reached skill level 4 in Transmutations
   521 | D:4      | Noticed Blork the orc
   542 | D:3      | Noticed Grinder
   559 | D:3      | Killed from afar by Grinder

Vault maps used:
D:1:      minmay_arrival_three_doors, corner_web_ring
D:2:      minmay_goblin_kobold_house
D:3:      vehumet_crystals, gammafunk_temple_overflow_elements, uniq_grinder
D:4:      lemuel_crystal_altar, first_ration, minivault_19,
          lemuel_another_geyser, uniq_blork_the_orc

Skill      XL: |  1  2  3  4  5 |
---------------+----------------+-----
Spellcasting   | 5 |  5.2
Invocations    | 1 |  1.7
Short Blades   | 1 |  1.5
Long Blades    | 1 |  1.5
Axes           | 1 |  1.5
Maces & Flails | 1 |  1.5
Polearms       | 1 |  1.5
Staves         | 1 |  1.5
Slings         | 1 |  1.5
Bows           | 1 |  1.5
Crossbows      | 1 |  1.5
Throwing       | 1 |  1.5
Armour         | 1 |  1.5
Stealth        | 1 |  1.5
Shields        | 1 |  1.5
Evocations     | 1 |  1.5
Fighting       | 3 |  3.0
Conjurations   | 1 |  1.2
Hexes          | 1 |  1.2
Charms         | 1 |  1.2
Summonings     | 1 |  1.2
Necromancy     | 1 |  1.2
Translocations | 1 |  1.2
Fire Magic     | 1 |  1.2
Ice Magic      | 1 |  1.2
Air Magic      | 1 |  1.2
Earth Magic    | 1 |  1.2
Poison Magic   | 1 |  1.2
Transmutations | 4 |  4.0
Dodging        | |  4.8
Unarmed Combat | |  6.7

Action                   |  1- 3 |  4- 6 || total
-------------------------+-------+-------++-------
Melee: Unarmed           |    45 |    54 ||    99
       Bite              |     3 |     2 ||     5
       Headbutt          |     6 |     4 ||    10
       Kick              |     3 |       ||     3
 Cast: Beastly Appendage |     8 |     4 ||    12
       Sticks to Snakes  |     3 |     3 ||     6
       Spider Form       |       |     4 ||     4
  Use: Scroll            |       |     4 ||     4
       Potion            |       |     1 ||     1
 Stab: Sleeping          |     1 |       ||     1
Armor: Robe              |     9 |     5 ||    14
       Skin              |       |     1 ||     1
Dodge: Dodged            |    28 |    28 ||    56

Table legend:
 A = Spawn XP
 B = Non-spawn XP
 C = Spawn XP percentage of total XP
 D = Spawn monster count
 E = Non-spawn monster count
 F = Spawn count percentage of total count
 G = Total turns spent on level
                    A         B        C        D         E        F      G
               +---------+---------+-------+---------+---------+-------+---------
         Total |       0 |     259 |   0.0 |       0 |      31 |   0.0 |   559
               +---------+---------+-------+---------+---------+-------+---------
           D:1 |       0 |       9 |   0.0 |       0 |       5 |   0.0 |   210
           D:2 |       0 |      19 |   0.0 |       0 |       4 |   0.0 |    69
           D:3 |       0 |     231 |   0.0 |       0 |      22 |   0.0 |   278
               +---------+---------+-------+---------+---------+-------+---------

Table legend:
 A = Turns spent in this place as a percentage of turns spent in the entire game.
 B = Non-inter-level travel turns spent in this place as a percentage of non-inter-level travel turns spent in the entire game.
 C = Inter-level travel turns spent in this place as a percentage of turns spent in this place.
 D = Turns resting spent in this place as a percentage of non-inter-level travel turns spent in this place.
 E = Turns spent auto-exploring this place as a percentage of non-inter-level travel turns spent in this place.
 F = Non-inter-level travel turns spent in this place divided by the number of levels of this place that you've seen.
                   A       B       C       D       E      F
               +-------+-------+-------+-------+-------+----------------------
         Total | 100.0 | 100.0 |   3.2 |   0.0 |   0.0 | 135.2
       Dungeon | 100.0 | 100.0 |   3.2 |   0.0 |   0.0 | 135.2
               +-------+-------+-------+-------+-------+----------------------

Table legend:
 A = Kills in this place as a percentage of kills in entire the game.
 B = Kills by you in this place as a percentage of kills by you in the entire game.
 C = Kills by friends in this place as a percentage of kills by friends in the entire game.
 D = Other kills in this place as a percentage of other kills in the entire game.
 E = Experience gained in this place as a percentage of experience gained in the entire game.
 F = Experience gained in this place divided by the number of levels of this place that you have seen.
                   A       B       C       D       E      F
               +-------+-------+-------+-------+-------+----------------------
         Total | 100.0 | 100.0 |   N/A |   N/A | 100.0 |  64.8
       Dungeon | 100.0 | 100.0 |   N/A |   N/A | 100.0 |  64.8
               +-------+-------+-------+-------+-------+----------------------

Vault maps used:
D:1:      minmay_arrival_three_doors, corner_web_ring
D:2:      minmay_goblin_kobold_house
D:3:      vehumet_crystals, gammafunk_temple_overflow_elements, uniq_grinder
D:4:      lemuel_crystal_altar, first_ration, minivault_19,
          lemuel_another_geyser, uniq_blork_the_orc
